 Dungeon Crawl Stone Soup version 0.30.1-4-g462c640d31 (webtiles) character file.

Game seed: 9204185954642210610

113 growler the Insei (level 4, 0/42 HPs)
             Began as an Octopode Transmuter on Aug 13, 2023.
             Was a Follower of Uskayaw.
             Slain by a howler monkey (5 damage)
             ... on level 6 of the Dungeon.
             The game lasted 00:07:34 (2183 turns).

growler the Insei (Octopode Transmuter)             Turns: 2183, Time: 00:07:36

Health: 0/42       AC: 22    Str:  9    XL:     4   Next: 96%
Magic:  0/8        EV:  2    Int: 17    God:    Uskayaw [*.....]
Gold:   107        SH:  0    Dex: 12    Spells: 3/9 levels left

rFire   . .          .
                       - Unarmed
rCold   . . .        (no shield)
rNeg    . . .        (helmet currently unavailable)
rPois   +            j - amulet of guardian spirit
rElec   .            (no ring)
rCorr   .            (no ring)
SInv    .            (no ring)
Will    .....        (no ring)
Stlth   +            (no ring)
HPRegen 0.27/turn    (no ring)
MPRegen 0.11/turn    (no ring)
                     (no ring)

%: guardian spirit
@: tree-form, wereblooded, very slightly contaminated
A: stationary, stasis, torment immunity, boosted hp, almost no armour,
(amphibious), 8 rings, (camouflage 1), (gelatinous body 1), (nimble swimmer 1),
(tentacles)
a: Renounce Religion, Stomp


You were on level 6 of the Dungeon.
You worshipped Uskayaw.
Uskayaw was noncommittal.
You were a tree.
You visited 2 branches of the dungeon, and saw 5 of its levels.

You collected 107 gold pieces.

Inventory:

Jewellery
 j - an amulet of guardian spirit (around neck)
 o - a ring of fire
Scrolls
 f - a scroll of immolation {unknown}
 g - 3 scrolls of teleportation
 h - a scroll of torment {unknown}
 l - a scroll of vulnerability {unknown}
 m - a scroll of enchant weapon {unknown}
 n - a scroll of acquirement {unknown}
 p - a scroll of poison {unknown}
 q - a scroll of amnesia {unknown}
Potions
 a - a potion of lignification
 b - a potion of ambrosia
 c - a potion of haste
 d - a potion of brilliance
 e - a potion of attraction {unknown}
 i - a potion of magic {unknown}
 k - a potion of degeneration {unknown}
 r - a potion of curing


   Skills:
 - Level 1.0 Fighting
 - Level 2.0 Dodging
 + Level 4.0 Unarmed Combat
 - Level 3.0 Spellcasting
 + Level 3.3 Transmutations
 + Level 0.0 Invocations


You had 3 spell levels left.
You knew the following spells:

 Your Spells              Type           Power      Damage    Failure   Level
a - Beastly Appendage     Tmut           26%        N/A       4%          1
b - Wereblood             Tmut           13%        N/A       7%          2
c - Spider Form           Tmut/Pois      8%         N/A       26%         3

Your spell library contained the following spells:

 Spells                   Type           Power      Damage    Failure   Level
 Dazzling Flash           Conj/Hex       4%         N/A       45%         3
 Volatile Blastmotes      Fire/Tloc      4%         2d10      45%         3
 Ice Form                 Ice/Tmut       8%         N/A       65%         4
 Iskenderun's Mystic Bla  Conj/Tloc      2%         2d3       86%         4
 Starburst                Conj/Fire      1%         6d3       100%        6


Dungeon Overview and Level Annotations

Branches:
Dungeon (6/15)             Temple (1/1) D:6

Altars:
Ashenzari
Cheibriados
Elyvilon
Gozag
Hepliaklqana
Ru
Uskayaw
Wu Jian
Xom
Yredelemnul
Zin

Shops:
D:2 =

Portals:
Sewer: D:3


Innate Abilities, Weirdness & Mutations

You are a tree.
Your roots penetrate the ground, keeping you stationary.
You cannot be teleported.
You are immune to unholy pain and torment.
Your maximum health is greatly increased.
You cannot wear most types of armour.
((You are amphibious.))
You can wear up to eight rings at the same time.
((Your skin changes colour to match your surroundings (Stealth+).))
((Your rubbery body absorbs attacks. (AC +1, EV +1)))
((You are camouflaged when in or above water. (Stealth+)))
((You have tentacles for arms and can constrict up to eight enemies at once.))


Message History

* * * LOW HITPOINT WARNING * * *
The howler monkey hits you but does no damage.
You can now stomp with the beat.
Really quaff the potion of lignification?
Your tentacle spike disappears.
You turn into a tree.
Your roots penetrate the ground.
You feel sick.
You are no longer poisoned.
The orc hits you but does no damage. The orc wizard casts a spell at you.
You are confused.
The howler monkey hits you but does no damage.
It was a potion of curing.
You feel better.
The howler monkey hits you but does no damage.
The orc hits you but does no damage.
You barely miss the orc wizard.
The orc wizard is lightly wounded.
The howler monkey hits you but does no damage.
The orc barely misses you.
The orc wizard hits you but does no damage.
You hit the orc wizard. Your punch misses the orc wizard.
The orc wizard is moderately wounded.
The howler monkey hits you.
* * * LOW HITPOINT WARNING * * *
The orc hits you but does no damage. x2
The orc wizard gestures wildly while chanting.
The orc wizard flickers and vanishes!
Deactivating autopickup; reactivate with Ctrl-A.
You cannot move.
You hit the orc.
The orc is heavily wounded.
The howler monkey completely misses you.
The orc hits you but does no damage. x2; Something hits you but does no damage.
You hit the orc.
The orc is severely wounded.
The howler monkey hits you but does no damage.
The orc hits you with a +0 dagger.
* * * LOW HITPOINT WARNING * * *
The orc hits you but does no damage. Something hits you but does no damage.
The howler monkey hits you.
You die...

.... .... ...#
..##. ...... #.
#...## #.#
###h....##
#..#######.♣o......
#..........{o......
#.........###....#.
+.........+ ......
#.........# ...##
#.......## #.##
##.....## ..
##...## ## ##'##


You could see a howler monkey and 2 orcs.

Vanquished Creatures
  Jessica (D:2)
  An adder (D:3)
  3 worms (D:3)
  3 dart slugs
  5 ball pythons
  2 bats
  4 endoplasms
  3 giant cockroaches
  3 goblins (D:1)
  8 hobgoblins
  7 jackals (D:1)
  7 kobolds
  2 quokkas
  A frilled lizard (D:1)
  6 rats
56 creatures vanquished.

Notes
Turn   | Place    | Note
-------+----------+-------------------------------------------
     0 | D:1      | growler the Octopode Transmuter began the quest for the
                  | Orb.
     0 | D:1      | Reached XP level 1. HP: 13/13 MP: 3/3
   140 | D:1      | Reached XP level 2. HP: 16/18 MP: 3/5
   155 | D:1      | Learned a level 2 spell: Wereblood
   365 | D:1      | Reached XP level 3. HP: 10/22 MP: 6/6
   372 | D:1      | HP: 1/22 [poisoned by a kobold]
   611 | D:1      | Learned a level 3 spell: Spider Form
  1205 | D:2      | Found a basalt altar of Yredelemnul.
  1261 | D:2      | Found Etejen's Jewellery Boutique.
  1323 | D:2      | Noticed Jessica
  1329 | D:2      | Killed Jessica
  1330 | D:2      | Reached XP level 4. HP: 28/28 MP: 5/8
  1987 | D:3      | Found a glowing drain.
  2072 | D:3      | Reached skill level 4 in Unarmed Combat
  2119 | D:3      | You fall into a shaft and drop 3 floors!
  2129 | D:6      | Found a staircase to the Ecumenical Temple.
  2136 | Temple   | Entered the Ecumenical Temple
  2147 | Temple   | Became a worshipper of Uskayaw the Reveller
  2177 | D:6      | Reached * piety under Uskayaw
  2183 | D:6      | Slain by a howler monkey

Illustrated notes

Levels and vault maps discovered:
D:1:      lightli_arrival_noodles, layout_basic, due_unseen_surprise
D:2:      layout_loops_cross, serial_shops, shop, basic_altar, uniq_jessica
D:3:      cheibrodos_helix_gallery, layout_basic, gup_sewer_entry_bubbles,
          uniq_crazy_yiuf_cottage
D:6:      nicolae_cairo_tiling_large, layout_loops_corners,
          minmay_temple_entry_glass, minmay_fire_ice_demons, uniq_pikel
Temple:   nicolae_temple_bog_church

Skill      XL: |  1  2  3  4 |
---------------+-------------+-----
Transmutations | 3 |  3.3
Spellcasting   | 3 |  3.0
Unarmed Combat | 4 |  4.0
Fighting       | |  1.0
Dodging        | |  2.0

Action                     |  1- 3 |  4- 6 || total
---------------------------+-------+-------++-------
  Melee: Unarmed           |    61 |    53 ||   114
         Constrict         |    23 |    18 ||    41
         Kick              |    18 |    12 ||    30
         Tentacles         |    10 |    11 ||    21
         Punch             |       |     1 ||     1
   Cast: Beastly Appendage |    13 |     6 ||    19
         Wereblood         |     3 |     2 ||     5
    Use: Scroll            |       |     4 ||     4
         Potion            |       |     2 ||     2
   Stab: Sleeping          |     4 |     3 ||     7
 Armour: Skin              |     2 |    19 ||    21
  Dodge: Dodged            |    32 |    30 ||    62
